AoeStats
← 文風

Lombardia

509854030Analyzed
4v4 RM · 3d ago on Sep 28, 2026· 77m 26s· 8 players
Game mode
Random Map
Map size
Large (8 player)
Population
200
Speed
Normal
Resources
Standard
Victory
Conquest
Starting age
Dark Age
Ending age
Imperial Age
RankedLock teamsTeams togetherTeam positionsShared explorationLock speedFull tech treeHidden civsTurbo modeCheats
Victory
Defeat
🇭🇰 Tatars · Hong Kong SAR China
1454
+16
🇭🇰 Britons · Hong Kong SAR China
1450
+16
🇭🇰 Huns · Hong Kong SAR China
1397
+18
🇨🇳 Persians · China
1335
+19
🇹🇼 Saxons · Taiwan
1472
-19
🇦🇺 Danes · Australia
1439
-17
🇨🇳 Ethiopians · China
1437
-17
🇦🇺 Varangians · Australia
1414
-16
快樂987
6:00 Loom
11:35 Feudal Age
13:00 Double-Bit Axe
16:02 Castle Age
14:11 Horse Collar
17:01 Bow Saw
20:05 Wheelbarrow
22:56 Town Watch
23:17 Gold Mining
23:51 Stone Mining
26:12 Squires
26:13 Scale Mail Armor
26:52 Forging
26:55 Fletching
28:24 Chain Mail Armor
28:58 Hand Cart
29:25 Iron Casting
28:38 Gambesons
30:25 Fletching
34:09 Imperial Age
34:19 Heavy Plow
34:17 Elite Varangian Guard
35:29 Plate Mail Armor
34:23 Shield Wall
36:32 Conscription
35:50 Capped Ram
36:35 Arson
39:49 Treadmill Crane
40:31 Guilds
40:30 Scale Barding Armor
40:20 Bodkin Arrow
40:26 Padded Archer Armor
42:31 Town Patrol
42:47 Siege Engineers
42:43 Bracer
42:41 Murder Holes
43:07 Ballistics
44:05 Hoardings
44:35 Leather Archer Armor
45:22 Chemistry
44:08 Pikeman
44:44 Elite Skirmisher
46:16 Thumb Ring
46:33 Caravan
48:53 Ring Archer Armor
48:15 Guard Tower
48:11 Arrowslits
48:49 Chain Barding Armor
50:10 Keep
49:27 Heated Shot
50:53 Fortified Wall
52:03 Halberdier
52:05 Man-at-Arms
53:39 Crop Rotation
54:09 Two-Man Saw
61:36 Masonry
65:00 Cranequins
65:05 Crossbowman
67:33 Arbalester
72:11 Heavy Mounted Crossbowman
825889483
6:54 Loom
9:57 Feudal Age
12:44 Town Watch
13:19 Fletching
16:22 Wheelbarrow
22:53 Castle Age
23:43 Bodkin Arrow
23:29 Crossbowman
24:15 Thumb Ring
26:10 Padded Archer Armor
26:58 Ballistics
42:47 Leather Archer Armor
46:29 Imperial Age
44:57 Gold Mining
46:33 Arbalester
47:28 Bracer
49:43 Chemistry
49:59 Ring Archer Armor
54:52 Elite Skirmisher
71:20 Horse Collar
72:50 Caravan
73:49 Halberdier
74:30 Squires
74:16 Arson
75:26 Scale Mail Armor
TheWololoWombat
12:24 Feudal Age
13:43 Double-Bit Axe
13:41 Horse Collar
16:20 Castle Age
16:10 Loom
17:00 Wheelbarrow
17:47 Bow Saw
17:38 Heavy Plow
18:18 Wheelbarrow
23:31 Hand Cart
25:40 Gold Mining
29:49 Imperial Age
27:15 Stone Mining
28:01 Gold Shaft Mining
28:32 Ballistics
28:25 Scale Barding Armor
28:30 Forging
28:53 Scale Mail Armor
30:02 Squires
29:22 Pikeman
30:56 Chain Mail Armor
31:16 Iron Casting
30:32 Arson
30:17 Elite Varangian Guard
30:43 Gambesons
31:10 Fletching
32:17 Conscription
31:25 Hamask
32:55 Padded Archer Armor
36:17 Plate Mail Armor
37:05 Halberdier
41:31 Blast Furnace
40:22 Capped Ram
42:37 Northmen's Fury
44:32 Bodkin Arrow
45:17 Bracer
46:20 Chemistry
45:31 Masonry
48:44 Elite Jomsviking
53:31 Caravan
54:20 Stone Shaft Mining
54:24 Town Watch
56:23 Leather Archer Armor
57:29 Siege Ram
64:52 Cranequins
66:09 Ring Archer Armor
68:19 Scale Barding Armor
68:37 Heavy Mounted Crossbowman
69:23 Thumb Ring
69:40 Chain Barding Armor
71:41 Ballistics
71:19 Elite Skirmisher
75:43 Plate Barding Armor
The Rohirrim
6:00 Loom
9:44 Feudal Age
11:46 Bloodlines
12:14 Scale Barding Armor
22:21 Castle Age
20:33 Gold Mining
20:58 Forging
21:26 Horse Collar
21:42 Double-Bit Axe
23:27 Chain Barding Armor
27:26 Iron Casting
37:29 Bow Saw
40:44 Imperial Age
40:54 Heavy Plow
41:10 Cavalier
42:28 Plate Barding Armor
42:53 Blast Furnace
42:46 Vendel Legacy
46:02 Conscription
50:42 Wheelbarrow
50:09 Caravan
49:38 Light Cavalry
51:22 Stone Mining
52:54 Hussar
59:46 Pikeman
60:28 Squires
60:33 Scale Mail Armor
63:46 Halberdier
65:49 Chain Mail Armor
67:33 Plate Mail Armor
66:54 Fletching
73:02 Crop Rotation
77:03 Bodkin Arrow
專業送分員
9:17 Feudal Age
8:50 Loom
15:55 Castle Age
22:05 Bloodlines
22:55 Double-Bit Axe
23:38 Horse Collar
27:28 Scale Barding Armor
36:53 Imperial Age
35:24 Wheelbarrow
37:30 Chain Barding Armor
38:18 Hand Cart
40:02 Marauders
40:46 Plate Barding Armor
40:22 Forging
40:18 Husbandry
40:32 Elite Tarkan
46:04 Iron Casting
46:07 Gold Mining
47:45 Blast Furnace
49:14 Heavy Plow
53:06 Caravan
屌炸天
10:28 Feudal Age
11:49 Double-Bit Axe
16:46 Castle Age
15:44 Horse Collar
17:37 Bow Saw
17:47 Crossbowman
22:45 Fletching
23:48 Padded Archer Armor
24:33 Bodkin Arrow
26:03 Leather Archer Armor
28:25 Ballistics
36:21 Imperial Age
37:06 Bracer
37:30 Yeomen
38:21 Chemistry
38:24 Two-Man Saw
38:07 Wheelbarrow
38:02 Arbalester
42:20 Elite Skirmisher
43:40 Gold Mining
45:11 Conscription
45:22 Squires
44:43 Pikeman
46:08 Ring Archer Armor
45:49 Forging
45:39 Scale Mail Armor
46:54 Heavy Plow
50:39 Halberdier
51:58 Iron Casting
51:38 Chain Mail Armor
52:23 Caravan
56:32 Chain Mail Armor
62:07 Coinage
64:50 Plate Mail Armor
67:43 Arson
69:05 Blast Furnace
77:40 Siege Engineers
半时
8:38 Feudal Age
9:04 Double-Bit Axe
9:07 Loom
9:54 Horse Collar
18:43 Castle Age
19:33 Bow Saw
20:47 Husbandry
24:01 Wheelbarrow
23:11 Light Cavalry
25:34 Scale Barding Armor
25:40 Forging
26:46 Bloodlines
27:12 Gold Mining
28:40 Hand Cart
28:15 Town Watch
31:21 Chain Barding Armor
33:46 Imperial Age
33:14 Forging
34:50 Iron Casting
33:52 Cavalier
35:11 Plate Barding Armor
35:16 Gold Shaft Mining
36:52 Blast Furnace
36:25 Savar
37:27 Hussar
45:37 Conscription
53:13 Caravan
53:49 Heavy Plow
60:17 Two-Man Saw
60:46 Crop Rotation
64:03 Town Patrol
70:41 Coinage
75:27 Capped Ram
77:54 Banking
77:35 Guilds
文風
12:23 Feudal Age
13:34 Double-Bit Axe
16:23 Castle Age
19:39 Loom
22:35 Horse Collar
23:07 Bow Saw
23:41 Fletching
25:27 Wheelbarrow
26:17 Bodkin Arrow
31:19 Ballistics
32:56 Gold Mining
32:56 Stone Mining
37:24 Imperial Age
35:43 Padded Archer Armor
35:58 Fortified Wall
35:54 Murder Holes
37:54 Husbandry
38:05 Bloodlines
38:07 Bracer
40:09 Squires
39:30 Man-at-Arms
39:47 Heavy Cavalry Archer
45:06 Chemistry
49:01 Conscription
49:01 Heavy Plow
51:02 Leather Archer Armor
54:28 Ring Archer Armor
54:10 Caravan
55:46 Timurid Siegecraft
55:37 Silk Armor
62:24 Siege Engineers
73:54 Scale Barding Armor
73:43 Light Cavalry
75:40 Hussar
77:00 Chain Barding Armor
Connection lost

Rejoining the realm…

Still unreachable

The connection could not be restored.

Session expired

The server has moved on; the page needs a fresh start.